 Dungeon Crawl Stone Soup version 0.17-a0-1900-g45e8110 (webtiles) character file.

13 ololoev the Chopper (level 2, -3/26 HPs)
             Began as a Hill Orc Gladiator on Sept 24, 2015.
             Slain by an orc wizard
             ... wielding a +0 dagger
              (4 damage)
             ... on level 3 of the Dungeon.
             The game lasted 00:01:08 (163 turns).

ololoev the Chopper (Hill Orc Gladiator)             Turns: 163, Time: 00:01:08

Health: -3/26      AC:  4    Str: 17    XL:     2   Next: 37%
Magic:  2/2        EV: 12    Int:  8    God:
Gold:   10         SH:  0    Dex: 11    Spells: 0 memorised, 1 level left

rFire  . . .     SeeInvis .     a - +0 war axe
rCold  . . .     Clarity  .     b - +0 leather armour
rNeg   + . .     SustAt   .     (no shield)
rPois  .         Gourm    .     c - +0 helmet
rElec  .         Spirit   .     (no cloak)
rCorr  .         Warding  +     (no gloves)
rMut   .         Stasis   .     (no boots)
MR     .....                    f - amulet of warding
Stlth  +.........               (no ring)
                                (no ring)

@: not resistant to hostile enchantments, very unstealthy
A: no striking features
a: no special abilities

Inventory:

Hand weapons
 a - a +0 war axe (weapon)
Missiles
 d - 3 throwing nets (quivered)
Armour
 b - a +0 leather armour (worn)
 c - a +0 helmet (worn)
Jewellery
 f - an amulet of warding (around neck)
Scrolls
 g - a scroll of teleportation {unknown}
 h - a scroll of remove curse {unknown}
Comestibles
 e - a bread ration


   Skills:
 + Level 3.0 Fighting
 * Level 4.5 Axes
 - Level 2.0 Throwing
 + Level 0.2 Armour
 - Level 2.4 Dodging


You had one spell level left.
You didn't know any spells.


You were on level 3 of the Dungeon.
You were not hungry.

You visited 1 branch of the dungeon, and saw 3 of its levels.

You collected 10 gold pieces.

......##.........#
.....# #.........##
......###.............
......#...........#...
............######....
............### .#..
..............#. # #
......†..........
...#.o@)...#.....
......o)K....<....
....#.<$....#..#.#
............#....#
.....#####.....# .....
..... .... ...... ..>.
...(.#

Notes
Turn   | Place    | Note
--------------------------------------------------------------
     0 | D:1      | ololoev the Hill Orc Gladiator began the quest for the Orb.
     0 | D:1      | Reached XP level 1. HP: 18/18 MP: 1/1
   151 | D:3      | Noticed an orc wizard
   156 | D:3      | Reached XP level 2. HP: 25/25 MP: 2/2
   161 | D:3      | HP: 1/25 [orc/whip (4)]
   163 | D:3      | Slain by an orc wizard

Dungeon Overview and Level Annotations

Branches:
Dungeon (3/15)

Altars:


Message History

You barely miss the orc wizard. The orc wizard barely misses you.
The orc barely misses you. x2
You closely miss the orc.
The orc is moderately wounded.
You hit the giant gecko.
The giant gecko is severely wounded.
You hit the orc but do no damage.
The orc is moderately wounded.
You barely miss the orc wizard. The orc wizard barely misses you.
The orc barely misses you. The giant gecko barely misses you.
The orc wizard barely misses you. The orc closely misses you.
You hit the giant gecko.
You kill the giant gecko!
You hit the orc.
The orc is almost dead.
You closely miss the orc wizard. You closely miss the orc.
The orc is moderately wounded.
The orc hits you with a whip. The orc wizard hits you with a dagger.
The orc hits you with a flail! The orc hits you with a whip.
You are too injured to fight recklessly!
You are too injured to fight recklessly!
Unknown command.
You hit the orc wizard.
The orc wizard is moderately wounded.
You closely miss the orc.
The orc is moderately wounded.
You closely miss the orc.
The orc is almost dead.
The orc wizard barely misses you. The orc closely misses you.
The orc hits you but does no damage.
You aren't carrying any potions.
You slash the orc wizard!
The orc wizard is almost dead.
You hit the orc.
You kill the orc!
Your Fighting skill increases to level 3!
You miss the kobold. You hit the orc but do no damage.
The orc is moderately wounded.
The kobold hits you but does no damage. The orc wizard hits you with a dagger.
You die...

You could see an orc wizard, an orc and a kobold.

Vanquished Creatures
  A giant gecko (D:3)
  2 orcs (D:3)
  A bat (D:1)
  3 hobgoblins
  A kobold (D:1)
8 creatures vanquished.

Action                   || total
-------------------------++-------
Melee: War axe           ||    15

Vault maps used:
D:1:      evilmike_arrival_plus, nemelex_deck
D:2:      corexii_corridor_pit
D:3:      ecumenical_altar_1
